 Dungeon Crawl Stone Soup version 0.30-a0-618-gd6c86c23d0 (webtiles) character file.

Game seed: 13159228967932907558

4 omnomnOMINOUS the Shooter (level 1, -1/14 HPs)
             Began as an Octopode Wanderer on Jan 9, 2023.
             Slain by a ball python (2 damage)
             ... on level 1 of the Dungeon.
             The game lasted 00:01:14 (184 turns).

omnomnOMINOUS the Shooter (Octopode Wanderer)        Turns: 184, Time: 00:01:15

Health: -1/14      AC:  1    Str: 11    XL:     1   Next: 60%
Magic:  3/3        EV: 12    Int: 12    God:
Gold:   10         SH:  0    Dex: 13    Spells: 3/4 levels left

rFire   . . .      SeeInvis .    (no weapon)
rCold   . . .      Faith    .    (no shield)
rNeg    . . .      Spirit   .    (helmet restricted)
rPois   .          Reflect  .    (no amulet)
rElec   .          Harm     .    (no ring)
rCorr   .          Rampage  .    (no ring)
Will    .....                    (no ring)
Stlth   ++                       (no ring)
HPRegen 0.22/turn                (no ring)
MPRegen 0.08/turn                (no ring)
                                 (no ring)
                                 (no ring)

@: invisible
A: almost no armour, amphibious, 8 rings, camouflage 1, gelatinous body 1,
(nimble swimmer 1), tentacles
a: no special abilities


You were on level 1 of the Dungeon.
You visited 1 branch of the dungeon, and saw 1 of its levels.

You collected 10 gold pieces.

Inventory:

Hand Weapons
 a - a +1 sling
Scrolls
 b - a scroll of teleportation
 d - a scroll of vulnerability {unknown}
Potions
 e - a potion of ambrosia {unknown}


   Skills:
 + Level 2.1 Fighting
 - Level 3.0 Ranged Weapons
 + Level 1.1 Dodging
 + Level 0.6 Stealth
 + Level 2.0 Spellcasting
 - Level 2.0 Translocations


You had 3 spell levels left.
You knew the following spells:

 Your Spells              Type           Power      Damage    Failure   Level
a - Apportation           Tloc           12%        N/A       12%         1

Your spell library contained the following spells:

 Spells                   Type           Power      Damage    Failure   Level
 Necrotise                Necr           4%         1d4       26%         1
 Summon Small Mammal      Summ           4%         N/A       26%         1
 Gell's Gravitas          Tloc           6%         N/A       34%         3
 Iskenderun's Mystic Bla  Conj/Tloc      3%         2d3       87%         4


Dungeon Overview and Level Annotations

Branches:
Dungeon (1/15)

Altars:


Innate Abilities, Weirdness & Mutations

You cannot wear most types of armour.
You are amphibious.
You can wear up to eight rings at the same time.
Your skin changes colour to match your surroundings (Stealth+).
Your rubbery body absorbs attacks. (AC +1, EV +1)
((You are camouflaged when in or above water. (Stealth+)))
You have tentacles for arms and can constrict up to eight enemies at once.


Message History

You shoot a sling bullet.
The sling bullet hits the rat but does no damage.
The rat closely misses you.
You shoot a sling bullet.
The sling bullet closely misses the rat.
The ball python bites you. The ball python grabs you.
The ball python constricts you. The rat closely misses you.
The ball python bites you. The ball python constricts you.
You shoot a sling bullet.
The sling bullet closely misses the ball python.
The rat bites you. The ball python bites you. The ball python constricts you.
* * * LOW HITPOINT WARNING * * *
You are too injured to fight recklessly!
You are too injured to fight recklessly!
Okay, then.
Unknown command.
You escape the ball python's grasp.
The ball python attacks as you move away!
The ball python bites you.
* * * LOW HITPOINT WARNING * * *
The ball python misses you. The rat barely misses you.
It was a potion of invisibility.
You fade into invisibility!
The rat closely misses you. The ball python completely misses you.
You are too injured to fight recklessly!
You are now empty-tentacled.
The rat barely misses you. The ball python completely misses you.
You barely miss the rat. You grab the rat. You squeeze the rat.
You kill the rat!
The ball python misses you.
You closely miss the ball python. Your grab misses the ball python.
You see here a +4 ring of protection.
The ball python misses you.
You tentacle-slap the ball python. Your grab misses the ball python.
Your squeeze misses the ball python.
The ball python is heavily wounded.
The ball python bites you.
* * * LOW HITPOINT WARNING * * *
The ball python bites you.
You die...

........ # #..# #.......
.#..# ........ .#..#
#.#.#... ...# ........
#..#
##..#.#.#.#.###..######.
.#..... ......†=........
.#.#.#. #.#.###S.######
........ #.# #.@#
#.#..#..###.# #..#
............###..####
..#.................#
.... #..##.##.#..####
.##. #...........# .#
##.##.##...## ###
#.##.##.#.#
#.###.##.##.#.#


You could see a ball python (unable to see you).

Vanquished Creatures
  An endoplasm (D:1)
  A kobold (D:1)
  2 rats (D:1)
4 creatures vanquished.

Notes
Turn   | Place    | Note
-------+----------+-------------------------------------------
     0 | D:1      | omnomnOMINOUS the Octopode Wanderer began the quest for the
                  | Orb.
     0 | D:1      | omnomnOMINOUS set off with the following items: a +1 sling,
                  | a scroll of teleportation; and the following spell
                  | memorised: Apportation; and the following spells available
                  | to memorise: Gell's Gravitas, Iskenderun's Mystic Blast.
     0 | D:1      | Reached XP level 1. HP: 14/14 MP: 3/3
   184 | D:1      | Slain by a ball python

Illustrated notes

Levels and vault maps discovered:
D:1:      psy_arrival_statuary, layout_basic, hangedman_decor_points,
          dk_noncrumbling_4

Action                   || total
-------------------------++-------
Melee: Unarmed           ||     3
       Constrict         ||     1
       Tentacles         ||     1
 Fire: Sling             ||     8
  Use: Potion            ||     1
Dodge: Dodged            ||    11

Table legend: (Time is in decaauts)
 A = Elapsed time spent in this place.
 B = Non-inter-level travel time spent in this place.
 C = Inter-level travel time spent in this place.
 D = Time resting spent in this place.
 E = Time spent auto-exploring this place.
 F = Levels seen in this place.
 G = Mean time per level.
                   A        B        C        D        E       F      G
               +--------+--------+--------+--------+--------+-----+--------+
         Total |    185 |    185 |      0 |      0 |    153 |   1 |  185.0 |
       Dungeon |    185 |    185 |      0 |      0 |    153 |   1 |  185.0 |
               +--------+--------+--------+--------+--------+-----+--------+

Top non-repeatable levels by time:
     D:1: 185 daAuts
